Cogmind - Beta 15 @@@ ROGUE MODE // 2025.09.18 @ 21:29:08 Player: beans Result: Destroyed by AY-FAO(j) with Overtuned Pulse Rifle Performance ------------- Evolutions (0) 0 Regions Visited (3) 600 Robots Destroyed (16) 80 Value Destroyed (652) 652 Prototype IDs (1) 20 Alien Tech Used (0) 0 Bonus (793) 793 TOTAL SCORE: 2145 Bonus ------- Registered with UFD 300 Met Optimus in HQ 500 Friendly Fire -7 Cogmind --------- Core Integrity 0/250 Matter 300/300 Energy 140/140 System Corruption 1% Temperature Cool (12) Movement Hovering (116) Ox1 Location -8/Scraptown Parts ------- > --- POWER (1) -------- Light Deuterium Engine > --- PROPULSION (2) --- Airjet Airjet > --- UTILITY (2) ------ Tech Extrapolator > --- WEAPON (2) ------- Hypervelocity Gauss Rifle Hypervelocity Gauss Rifle > --- INVENTORY (5) ---- Target Analyzer Hypervelocity Gauss Rifle Overtuned Coil Gun Heavy Flak Cannon Rocket Launcher Peak State ------------ > --- POWER ------------ Ion Engine > --- PROPULSION ------- Overtuned Medium Treads Overtuned Medium Treads > --- UTILITY ---------- Matter Filter Tech Extrapolator > --- WEAPON ----------- Heavy Flak Cannon Heavy Flak Cannon > --- INVENTORY -------- Target Analyzer Hypervelocity Gauss Rifle Overtuned Coil Gun [Rating: 34] Favorites ----------- Power Ion Engine Engine Ion Engine Propulsion Overtuned Medium Treads Treads Overtuned Medium Treads Leg Overtuned Titanium Leg Hover Unit Airjet Flight Unit Flight Unit Utility Matter Filter Device Matter Filter Processor Tech Extrapolator Weapon Heavy Flak Cannon Energy Gun Plasma Rifle Ballistic Gun Light Assault Rifle Ballistic Cannon Heavy Flak Cannon Special Weapon Flamer Build | -11 -10 -10 -8 ------- Run | Yrd Mat Sub Scr Slots Evolved . | . . . . Power . | . . . . Propulsion . | . . . . Utility . | . . . . Weapon . | . . . . Parts Attached 27 | 2 3 2 20 Power 2 | . 1 . 1 Engine 2 | . 1 . 1 Core . | . . . . Reactor . | . . . . Propulsion 10 | . 2 . 8 Treads 4 | . . . 4 Leg 2 | . . . 2 Wheel . | . . . . Hover 2 | . . . 2 Flight 2 | . 2 . . Utility 4 | . . 1 3 Device 2 | . . 1 1 Storage . | . . . . Processor 2 | . . . 2 Hackware . | . . . . Protection . | . . . . Artifact . | . . . . Weapon 11 | 2 . 1 8 Energy Gun 1 | . . . 1 Energy Cannon . | . . . . Ballistic Gun 6 | 2 . . 4 Ballistic Cannon 3 | . . . 3 Launcher . | . . . . Special Weapon 1 | . . 1 . Impact Weapon . | . . . . Slashing Weapon . | . . . . Piercing Weapon . | . . . . Special Melee Weapon . | . . . . Unidentified Prototypes . | . . . . Parts Lost 4 | . . . 4 Power 1 | . . . 1 Propulsion 1 | . . . 1 Utility 1 | . . . 1 Weapon 1 | . . . 1 Highest Loss Streak 2 | . . . 2 To Critical Strikes . | . . . . Average Backups 3 | . . 2 4 Power . | . . . . Propulsion . | . . 1 . Utility . | . . . . Weapon 2 | . . 1 3 Tool/Special . | . . . . Unused Backups 5 | 1 . . 4 Power . | . . . . Propulsion 3 | 1 . . 2 Utility 1 | . . . 1 Weapon 1 | . . . 1 Tool/Special . | . . . . Average Slot Usage (%) 61 | . 47 63 62 Engine 12 | . 5 14 12 Treads 16 | . . . 20 Leg 1 | . . . 2 Hover 1 | . . . 1 Flight 6 | . 13 28 3 Device 6 | . . 2 7 Processor 4 | . . . 5 Ballistic Gun 5 | . 28 8 3 Ballistic Cannon 4 | . . . 5 Special Weapon 1 | . . 9 . Peak Build Rating 34 | 2 5 8 34 Average Rating 14 | 1 3 5 16 On Entrance 3 | . 2 5 5 Naked Turns . | . . . . Heaviest Build 24 | 2 7 9 24 Greatest Support 50 | 3 8 8 50 Greatest Overweight (x) 5 | . . 1 5 Average Overweight (x) . | . . . . Largest Inventory Capacity 5 | 5 5 5 5 Average Capacity 5 | 5 5 5 5 Most Carried 5 | 3 2 3 5 Average Carried 3 | . . 2 4 Final Capacity 5 | 5 5 5 5 Final Carried 5 | . 1 3 5 Class Distribution -------------------- 91% | Mutant 8% | Scavenger-Mutant Dominant Class ---------------- Mutant | -10/Materials Mutant | -10/Subcaves Mutant | -8/Scraptown Resources | -11 -10 -10 -8 ----------- Run | Yrd Mat Sub Scr Matter Collected 920 | 220 50 24 626 Remotely . | . . . . Salvage Created 886 | . 49 . 837 Parts 42 | . 4 . 38 Haulers Intercepted 1 | . 1 . . Recyclers Shooed . | . . . . Parts Field Recycled . | . . . . Retrieved Matter . | . . . . Parts Self-Destructed . | . . . . Prevented . | . . . . Kills | -11 -10 -10 -8 ------- Run | Yrd Mat Sub Scr Combat Hostiles Destroyed 15 | . . . 15 Guns 2 | . . . 2 Cannons 13 | . . . 13 Classes Destroyed 3 | . 1 . 2 Hauler 1 | . 1 . . Federalist 5 | . . . 5 Scrapper 10 | . . . 10 Best Kill Streak 5 | . 1 . 5 Combat Bots Only 5 | . . . 5 Max Kills in Single Turn 1 | . 1 . 1 Gunslinging . | . . . . Exploded . | . . . . Melee . | . . . . Uniques/NPCs Destroyed . | . . . . Combat | -11 -10 -10 -8 -------- Run | Yrd Mat Sub Scr Hostile Shots Fired 61 | . 1 . 60 Missed 16 | . 1 . 15 Hits 45 | . . . 45 Projectile 45 | . . . 45 Critical Strikes 1 | . . . 1 Damage Taken 1005 | . 41 44 920 Core 263 | . 17 22 224 Absorbed by Shields . | . . . . Core Remaining (%) 100 | 100 . . . Volleys Fired 45 | . 12 1 32 Largest 2 | . 2 1 2 Hottest 100 | . 40 100 88 Shots Fired 85 | . 24 1 60 Gun 46 | . 24 . 22 Cannon 38 | . . . 38 Launcher . | . . . . Special 1 | . . 1 . Kinetic 84 | . 24 . 60 Thermal 1 | . . 1 . Explosive . | . . . . Electromagnetic . | . . . . Robot Hit Streak 7 | . 7 . 5 Robot Miss Streak 8 | . 6 . 8 Penetration Max 1 | . . . 1 Secondary Targets . | . . . . Shots Hit Robots 52 | . 11 . 41 Core Hits 42 | . 1 . 41 Critical Kills . | . . . . Critical Parts Destroyed 2 | . . . 2 Critical Strikes 2 | . . . 2 Destroy 2 | . . . 2 Melee Attacks . | . . . . Impact . | . . . . Slashing . | . . . . Piercing . | . . . . Sneak Attacks . | . . . . Combat Hostiles . | . . . . Follow-up Attacks . | . . . . Damage Inflicted 844 | . 84 . 760 Guns 276 | . 84 . 192 Cannons 568 | . . . 568 Explosions . | . . . . Melee . | . . . . Ramming . | . . . . Kinetic 844 | . 84 . 760 Thermal . | . . . . Explosive . | . . . . Electromagnetic . | . . . . Impact . | . . . . Slashing . | . . . . Piercing . | . . . . Highest Corruption 1 | . 1 1 1 Average Corruption 1 | . 1 1 1 Corruption Purged . | . . . . Corruption Blocked . | . . . . Effects 22 | . 1 2 19 Message Errors 5 | . 1 . 4 Matter Fused 6 | . . . 6 Heat Flow Errors 3 | . . . 3 Energy Discharges 3 | . . 2 1 Data Loss (minor) 3 | . . . 3 Data Loss (major) 2 | . . . 2 Overload Shots . | . . . . Overflow Damage . | . . . . Projectiles . | . . . . Explosions . | . . . . Melee . | . . . . Knockbacks 12 | . . . 12 Impact . | . . . . Kinetic 12 | . . . 12 Secondary . | . . . . Self-Inflicted Damage . | . . . . Shots . | . . . . Rammed . | . . . . Targets Rammed . | . . . . Kicked . | . . . . Crushed . | . . . . Highest Temperature 386 | . 8 . 386 Average Temperature 78 | . 4 . 86 Received Heat Transfer 553 | . 18 . 535 Siege Activations . | . . . . Martial Activations . | . . . . Shielding Activations . | . . . . Robots Disrupted . | . . . . Combat Hostiles . | . . . . Robots Corrupted . | . . . . Combat Hostiles . | . . . . Parts Fried 1 | . . . 1 Impact Corruptions . | . . . . Robots Melted . | . . . . Combat Hostiles . | . . . . Parts Melted 3 | . . . 3 Heat Transferred . | . . . . Parts Sabotaged . | . . . . Parts Stolen . | . . . . Parts Stripped . | . . . . Power Chain Reactions . | . . . . Alert | -11 -10 -10 -8 ------- Run | Yrd Mat Sub Scr Maximum Alert Level . | . . . . Low Security (%) 100 | 100 100 . . Level 1 . | . . . . Level 2 . | . . . . Level 3 . | . . . . Level 4 . | . . . . Level 5 . | . . . . High Security . | . . . . Max Security . | . . . . Peak Influence 7 | . 7 . . Initial . | . . . . Average . | . . . . Influence Increases 7 | . 7 . . Destroy 0b10 Robot/NC 5 | . 5 . . Destroy Leader 2 | . 2 . . Influence Decreases 7 | . 7 . . Time Decay 7 | . 7 . . Squads Dispatched 1 | . 1 . . Investigation . | . . . . Extermination . | . . . . Reinforcement 1 | . 1 . . Assault . | . . . . Garrison . | . . . . Intercept . | . . . . Searches Triggered . | . . . . Construction Impeded . | . . . . Haulers Reinforced . | . . . . Active Scanning Responses . | . . . . Cargo Convoy Interrupts . | . . . . Stealth | -11 -10 -10 -8 --------- Run | Yrd Mat Sub Scr Distress Signals 1 | . 1 . . Communications Jammed . | . . . . Distress Signals . | . . . . Times Spotted 42 | . 8 . 34 Peak Tracking Total 7 | . 4 . 7 Tactical Retreats 2 | . . . 2 Traps | -11 -10 -10 -8 ------- Run | Yrd Mat Sub Scr Traps Triggered . | . . . . Indirectly . | . . . . Trap Hack Attempts . | . . . . Triggered . | . . . . Disarmed . | . . . . Reprogrammed . | . . . . Reused . | . . . . Traps Extracted . | . . . . Installed . | . . . . Triggered . | . . . . Machines | -11 -10 -10 -8 ---------- Run | Yrd Mat Sub Scr Machines Disabled . | . . . . Max in Single Turn . | . . . . Machines Repaired . | . . . . Machines Dismantled . | . . . . Machines Sabotaged . | . . . . Overloaded Fab Kills . | . . . . Hacking | -11 -10 -10 -8 --------- Run | Yrd Mat Sub Scr Machines Accessed 1 | . . . 1 Terminals . | . . . . Fabricators . | . . . . Repair Stations . | . . . . Recycling Units . | . . . . Scanalyzers . | . . . . Garrison Access . | . . . . Total Hacks 4 | . . . 4 Successful 4 | . . . 4 Failed . | . . . . Catastrophic . | . . . . Database Lockouts . | . . . . Manual . | . . . . Terminals . | . . . . Fabricators . | . . . . Repair Stations . | . . . . Recycling Units . | . . . . Scanalyzers . | . . . . Garrison Access . | . . . . Terminal Hacks 4 | . . . 4 Record 4 | . . . 4 Fabricator Hacks . | . . . . Repair Station Hacks . | . . . . Recycling Unit Hacks . | . . . . Scanalyzer . | . . . . Garrison Access Hacks . | . . . . Unauthorized Hacks . | . . . . Terminals . | . . . . Fabricators . | . . . . Repair Stations . | . . . . Recycling Units . | . . . . Scanalyzers . | . . . . Garrison Access . | . . . . Data Cores Recovered . | . . . . Used . | . . . . Hacking Detections . | . . . . Full Trace Events . | . . . . Feedback Events . | . . . . Feedback Blocked . | . . . . Robot Schematics Acquired . | . . . . Robots Built . | . . . . Authchips . | . . . . Time . | . . . . Total Robot Build Rating . | . . . . Part Schematics Acquired 3 | . . . 3 Parts Built . | . . . . Authchips . | . . . . Time . | . . . . Total Part Build Rating . | . . . . Parts Repaired . | . . . . Time . | . . . . Parts Recycled . | . . . . Recycled Matter . | . . . . Retrieved Matter . | . . . . Retrieved Components . | . . . . Parts Scanalyzed . | . . . . Part Schematics Acquired . | . . . . Parts Damaged . | . . . . Bothacking | -11 -10 -10 -8 ------------ Run | Yrd Mat Sub Scr Used RIF Installer . | . . . . Robots Hacked . | . . . . Non-combat . | . . . . Combat . | . . . . Robot Hacks Applied . | . . . . Relay Couplers Released . | . . . . Fabnet Peak Effective % . | . . . . Robots Rewired . | . . . . Allies Hacked . | . . . . Hacks Repelled . | . . . . Allies | -11 -10 -10 -8 -------- Run | Yrd Mat Sub Scr Total Allies . | . . . . Largest Group . | . . . . Highest-Rated Group . | . . . . Highest-Rated Ally . | . . . . Total Orders . | . . . . Ally Attacks . | . . . . Total Damage . | . . . . Kills . | . . . . Allies Corrupted . | . . . . Allies Melted 5 | . . . 5 Intel | -11 -10 -10 -8 ------- Run | Yrd Mat Sub Scr Active Infowar (turns) 44 | . . 44 . Optics 44 | . . 44 . Robot Analysis Total . | . . . . Derelict Logs Recovered 1 | . . 1 . Drone Launches . | . . . . Drone Recoveries . | . . . . Exploration | -11 -10 -10 -8 ------------- Run | Yrd Mat Sub Scr Turns Passed 2916 | 25 177 260 2454 Spaces Moved 1815 | 38 161 207 1409 Core 277 | 38 94 . 145 Treads 765 | . . . 765 Legs 126 | . . . 126 Wheels . | . . . . Hover 134 | . . . 134 Flight 513 | . 67 207 239 Fastest Speed 37 | 50 37 37 37 Average Speed 113 | 50 44 47 132 Slowest Speed 300 | 50 50 117 300 Overloaded Moves . | . . . . Propulsion Burnouts . | . . . . Robots Hopped . | . . . . Potential Cave-ins . | . . . . Cave-ins Triggered . | . . . . Exploration Rate (%) 29 | 3 24 17 75 Regions Visited 3 Branch Regions 2 Pre-discovered Areas . | . . . . Known Exits Taken . | . . . . Unknown Exits Taken 3 | 1 1 1 . Scrap Searched 5 | . . 1 4 Spaces Dug . | . . . . Terrain Destroyed 5 | . . . 5 Melee . | . . . . Projectile 5 | . . . 5 AOE . | . . . . Terrain Rammed . | . . . . Walls Destroyed . | . . . . Machines Disabled . | . . . . Actions | -11 -10 -10 -8 --------- Run | Yrd Mat Sub Scr Total 2588 | 43 246 365 1934 Wait 645 | . 67 151 427 Move 1812 | 37 160 206 1409 Hop . | . . . . Pick Up 28 | 3 4 3 18 Fast Attach 5 | . . . 5 Attach 20 | 2 3 1 14 Detach 5 | . . . 5 Swap 10 | . . 1 9 Drop 18 | 1 . 2 15 Fire 45 | . 12 1 32 Melee . | . . . . Ram . | . . . . Kick . | . . . . Crush . | . . . . Escape Stasis . | . . . . Rewire . | . . . . Trap . | . . . . Miscellaneous . | . . . . Route ------- -11/Scrapyard -10/Materials -10/Subcaves -8/Scraptown (discovered 2 exits: [*Fac x2]) History --------- Turn | Location | Event 4 | -11/Scrapyard | Discovered new exit (range 13) 26 | -11/Scrapyard | Entered Materials 27 | -10/Materials | Met a group of wandering Federalists 164 | -10/Materials | Discovered new exit (range 10) 203 | -10/Materials | Entered Subcaves 204 | -10/Subcaves | Continued accompanying wandering Federalists (3) 204 | -10/Subcaves | Approached by a straggling Scientist 205 | -10/Subcaves | Learned Materials garrison access intel 250 | -10/Subcaves | Shifting Twisted Machinery released Flamer 251 | -10/Subcaves | Shifting Twisted Machinery released Flamer 312 | -10/Subcaves | Build established: Mutant 463 | -10/Subcaves | Entered Scraptown 1182 | -8/Scraptown | Discovered new exit (range 9) 1295 | -8/Scraptown | Visited Shadow of the Wyrm 1329 | -8/Scraptown | Visited SPCMW 1365 | -8/Scraptown | Visited UFD Registry 1365 | -8/Scraptown | Registered with UFD as "Bladeslicer" 1378 | -8/Scraptown | Visited Assassins FH 1449 | -8/Scraptown | Visited Scrapoid Research Area 1477 | -8/Scraptown | Visited LU-1G1's Boring Crew 1530 | -8/Scraptown | Visited Curators Association 1582 | -8/Scraptown | Visited Supply Room 1602 | -8/Scraptown | Visited Abandonware Association 1618 | -8/Scraptown | Visited Modified Component R&D 1731 | -8/Scraptown | Visited Junk Repository 1770 | -8/Scraptown | Visited Research Penetration Think Tank 1806 | -8/Scraptown | Visited Junk Repository 1941 | -8/Scraptown | Met Optimus 1941 | -8/Scraptown | Accepted into 0bPrime 2341 | -8/Scraptown | Civil war broke out across Scraptown 2433 | -8/Scraptown | Lost 6 allies 2495 | -8/Scraptown | Core integrity fell below 50% 2519 | -8/Scraptown | Core integrity fell below 20% 2539 | -8/Scraptown | Lost 5 allies 2651 | -8/Scraptown | Optimus destroyed in the chaos of civil war 2783 | -8/Scraptown | Lost 10 allies 2902 | -8/Scraptown | Lost 3 allies 2910 | -8/Scraptown | Discovered new exit (range 12) 2917 | -8/Scraptown | Destroyed by AY-FAO(j) with Overtuned Pulse Rifle Last Messages --------------- HV Slug penetrates Machine. HV Slug penetrates Wall. HV Slug penetrates M1-IFG(j). M1-IFG(j) suffers critical hit (Destroy). Destroyed Scrap Suit. Slug penetrates M1-IFG(j). M1-IFG(j) destroyed. Slug penetrates Wall. HV Slug penetrates Wall. Acquired 28 matter. Acquired Hyp. Gauss Rifle. Acquired 30 matter. HV Slug penetrates Wall. NO-67B(g) destroyed. Acquired Rocket Launcher. SHUP1MYT7BPOUKTL7S5 |BX =Q1UDV/WO|X Acquired 10 matter. EXIT=FOUND Bolt penetrates Wall. Bolt penetrates A4-HJB(j). Map ----- +----------------------------------------------------+ | | | | | | | | | | | | | | | | | ?????????????????????????????????????????????????? | | ?????????????????????????????????????????????????? | | ?????????????????????????????????????????????????? | | ?????????????????????????????????????????????????? | | ?????????????????????????????????????????????????? | | ?????????????????????????????????????????????????? | | ?????????????????????????????????????????????????? | | ?????????????????????????????????????????????????? | | ?????????????????????????????????????????????????? | | ?????????????????????????????????????????????????? | | ?????????????????????????????????????????????????? | | ?????????????????????????????????????????????????? | | ???????????????????????????????????#?????????????? | | ??????????????????????####???????="#?????????????? | | ??????????????#??????##*%#######hjj#?????????????? | | ??????????""|##!!"#### !%*#%=%%%h%##????????????? | | ?????????? [=!!=*!![!!=%j[![![ ##???????????? | | ?????????? !==%%*!!=@j%!=!%!% =!#???????????? | | ?????????????????#####!=%/=![[!%###??????????????? | | ?????????????????????##[!##!###########??????????? | | ??????????????????????#*!#""""""""""""#??????????? | | ??????????????????????#==#"""""""# " "#??????????? | | ??????????????????????#!%#" " = # #??????????? | | ??????????????????????#*[[" =[ #+####??????????? | | ??##########??????????#[=#" """#??????????? | | ??#""""""""#??????????#!%#" ["#??????????? | | ??#""""" ""############!%#""""" [ ""#??????????? | | ??#"" "## #![!#]!%*%#####"=%! "#??????????? | | ??#"" "##![#! #!!*==#""""" * X#??????????? | | ??#"" ## # #=!#=!# [ ##??????????? | | ??#"" "##! #!%# = "#??????????? | | ??#"! ##%! # %# =[ "#??????????? | | ??###%########### #####!*##%###########??????????? | | ##### ########### ##"##=!*%*!#???######??????????? | | """ " """"""""""" ""=!/!!%&%!#??? ???????????? | | [ *!!*[=*!![##? ????????????? | | =%* %!%%*[[%! "#? """?????????????? | | = ==**%===*="# "#??????????????? | | ! ! !% !%![=|!!= !#[ "#??????????????? | | [% !%![ =[%!==!!*[=%!*"#??????????????? | | "" """" """" """ " %!=%[=== ##= """" ???????????? | | """""""""""""""""""""]!!%=%[ #? "??????????? | +----------------------------------------------------+ Best States ------------- Heat Dissipation 25 Energy Generation 14 Energy Capacity 250 Matter Stores 300 Matter Capacity 300 Sight Range 21 Terrain Scan Density 10 Evasion (%) 62 Targeting Accuracy 5 Recoil Reduction 2 Matter Filtering 30 Item Schematics ----------------- Mak. Leg | -8/Scraptown | Extrapolated Beamcaster | -8/Scraptown | Extrapolated Spk. Treads | -8/Scraptown | Extrapolated Robot Schematics ------------------ None Fabricated ------------ Nothing Repaired ---------- Nothing Alien Tech Used ----------------- None Achievements -------------- None Challenges ------------ None Game ------ Seed ExpertDefenseBay Manual? 0 Play Time 00:29:40 Cumulative 144.6 hours Start 2025.09.18 @ 21:01:20 End 2025.09.18 @ 21:29:08 Sessions 1 Manual Loads 0 Difficulty Rogue Special Mode None Game No. 478 Rogue 478 Adventurer 0 Explorer 0 Win Type - Total 0 Types 0/0/0/0/0/0/0/0/0/0 Lore% 53 Gallery% 50 Achievement% 39 Wizard Run 0 Options --------- Layout 2 ASCII 0 Keyboard 0 Movement Mouse Keybinds 0 Fullscreen 2 Font 24/Smallcaps Map View 50x44 Zoom Use 0% Tactical HUD 0 Map Filters NONE Filters NONE Steam 1 RUN: 13f0072d-32f5-4b8d-91d9-7197874eefd5